 Dungeon Crawl Stone Soup version 0.29-a0-483-g69413ace17 (webtiles) character file.

Game seed: 5786062068377477100

207 xian the Shield-Bearer (level 5, -3/33 HPs)
             Began as a Gargoyle Fighter on May 26, 2022.
             Slain by an iguana (10 damage)
             ... on level 3 of the Dungeon.
             The game lasted 00:05:42 (2955 turns).

xian the Shield-Bearer (Gargoyle Fighter)           Turns: 2955, Time: 00:05:44

Health: -3/33      AC: 11    Str: 22    XL:     5   Next: 85%
Magic:  5/5        EV:  8    Int:  8    God:
Gold:   90         SH:  8    Dex:  9    Spells: 4/4 levels left

rFire   . . .      SeeInvis +   a - +0 long sword
rCold   . . .      Faith    .   m - +0 kite shield
rNeg    + . .      Spirit   .   b - +0 scale mail
rPois   ∞          Reflect  .   (no helmet)
rElec   +          Harm     .   (no cloak)
rCorr   .          Rampage  .   (no gloves)
Will    .....                   (no boots)
Stlth   ..........              (no amulet)
HPRegen 0.11/turn               p - ring of see invisible
MPRegen 0.09/turn               (no ring)

@: invisible
A: sickness immunity, AC +4, negative energy resistance 1, electricity
resistance, torment resistance 1, petrification resistance
a: no special abilities


You were on level 3 of the Dungeon.
You visited 1 branch of the dungeon, and saw 3 of its levels.

You collected 90 gold pieces.

Inventory:

Hand Weapons
 a - a +0 long sword (weapon)
Armour
 b - a +0 scale mail (worn)
 h - a +0 robe of positive energy
 m - a +0 kite shield (worn)
Jewellery
 p - a ring of see invisible (left hand)
Wands
 r - a wand of flame (22) (quivered)
Scrolls
 c - a scroll of immolation {unknown}
 e - a scroll of teleportation {unknown}
 g - a scroll of enchant weapon {unknown}
 j - 2 scrolls of identify {unknown}
 k - 2 scrolls of magic mapping {unknown}
 l - a scroll of brand weapon {unknown}
 n - a scroll of fear {unknown}
 q - a scroll of fog {unknown}
 s - a scroll of enchant armour {unknown}
 v - a scroll of poison {unknown}
Potions
 d - a potion of might
 f - 2 potions of resistance {unknown}
 i - 2 potions of curing
 o - a potion of heal wounds {unknown}
 t - 2 potions of invisibility
 u - a potion of ambrosia {unknown}


   Skills:
 + Level 4.2 Fighting
 + Level 3.3 Long Blades
 + Level 4.1 Armour
 + Level 0.7 Dodging
 + Level 0.6 Stealth
 + Level 4.3 Shields
 + Level 0.3 Evocations


You had 4 spell levels left.
You didn't know any spells.
Your spell library contained the following spells:

 Spells                   Type           Power      Damage    Failure   Level
 Blink                    Tloc           0%         N/A       99%         2
 Lesser Beckoning         Tloc           0%         N/A       100%        3
 Manifold Assault         Tloc           0%         N/A       100%        5


Dungeon Overview and Level Annotations

Branches:
Dungeon (3/15)

Altars:
Cheibriados
The Shining One

Annotations:
D:2 1 runed translucent door, Crazy Yiuf


Innate Abilities, Weirdness & Mutations

You are immune to sickness and miasma.
Your stone body is resilient. (AC +4)
You are immune to poison.
You resist negative energy. (rN+)
You are resistant to electric shocks. (rElec)
You are resistant to unholy torment.
You are immune to petrification.


Message History

The iguana completely misses you.
You closely miss the iguana. The iguana bites you.
You hit the iguana.
The iguana is moderately wounded.
You block the iguana's attack. x2
You barely miss the iguana.
The iguana is moderately wounded.
The iguana bites you.
You hit the iguana but do no damage.
The iguana is moderately wounded.
You block the iguana's attack.
You barely miss the iguana.
The iguana is moderately wounded.
The iguana bites you but does no damage.
The iguana bites you!
* * * LOW HITPOINT WARNING * * *
You barely miss the iguana.
The iguana is moderately wounded.
You block the iguana's attack.
You hit the iguana.
The iguana is heavily wounded.
The iguana barely misses you. The iguana bites you.
* * * LOW HITPOINT WARNING * * *
You closely miss the iguana.
The iguana is heavily wounded.
The iguana bites you!
* * * LOW HITPOINT WARNING * * *
Unknown command.
Unknown command.
It was a potion of invisibility.
You fade into invisibility!
The iguana barely misses you.
It was a potion of curing.
You feel better. You block the iguana's attack.
Aiming: Throw Flame
Press: ? - help, Shift-Dir - straight line, f - goblin
Aim: a goblin, wielding a +0 dagger (can't see you, 60% to hit)
The puff of flame hits the iguana.
The iguana is severely wounded.
The iguana bites you!
You die...

#.###.# ..S ##.# #.# ..
#..# #.# .# #.##
#.#########.# ###.#
#...##...†..# . ###...#
#...##.###### . #...###
#...#g.# .. #.###
#...l.## ..###.# #..@.##
......## #...## .......#
#...#
....##.#######...#### ##
.....))................#
..###########...#####.#
.. ................###.
. ########..#.........
#............


You could see an iguana (can't see you) and a goblin (can't see you).

Vanquished Creatures
  An ice beast (D:2)
  Jessica (D:2)
  4 adders
  A worm (D:2)
  3 dart slugs (D:1)
  4 endoplasms
  3 giant cockroaches
  6 goblins
  2 hobgoblins
  2 jackals (D:1)
  3 kobolds
  2 quokkas
  5 ball pythons
  3 bats
  3 frilled lizards (D:1)
  3 rats
46 creatures vanquished.

Notes
Turn   | Place    | Note
-------+----------+-------------------------------------------
     0 | D:1      | xian the Gargoyle Fighter began the quest for the Orb.
     0 | D:1      | Reached XP level 1. HP: 14/14 MP: 1/1
   203 | D:1      | Reached XP level 2. HP: 14/19 MP: 2/2
   676 | D:1      | Reached XP level 3. HP: 23/23 MP: 3/3
  1349 | D:2      | Reached XP level 4. HP: 7/29 MP: 4/4
  1614 | D:2      | Found a glowing golden altar of the Shining One.
  1677 | D:2      | Found a runed translucent door.
  1678 | D:2      | Noticed Crazy Yiuf
  2038 | D:2      | Found a faded altar of an unknown god.
  2082 | D:2      | Noticed Jessica
  2092 | D:2      | Killed Jessica
  2423 | D:3      | Noticed an ice beast
  2443 | D:2      | Killed an ice beast
  2444 | D:2      | Reached XP level 5. HP: 10/33 MP: 5/5
  2747 | D:3      | Found a snail-covered altar of Cheibriados.
  2947 | D:3      | HP: 1/33 [iguana (7)]
  2955 | D:3      | Slain by an iguana

Illustrated notes

Levels and vault maps discovered:
D:1:      saegor_arrival_simple_b, layout_rooms
D:2:      layout_basic, dreamdust_ecumenical_altar_angels_and_demons,
          basic_altar, st_stairs_13, chequers_serial_rivers_small_3,
          uniq_crazy_yiuf_cottage, uniq_jessica
D:3:      layout_rooms, mainiacjoe_overflow_24_doors, serial_shops, shop,
          minmay_snake_closets

Skill      XL: |  1  2  3  4 |
---------------+-------------+-----
Long Blades    | 2 3 |  3.3
Fighting       | 4 |  4.2
Armour         | 4 |  4.1
Shields        | 4 |  4.3
Dodging        | |  0.7
Stealth        | |  0.6
Evocations     | |  0.3

Action                   |  1- 3 |  4- 6 || total
-------------------------+-------+-------++-------
Melee: Long sword        |    95 |    67 ||   162
Evoke: Wand              |       |     7 ||     7
  Use: Potion            |       |     2 ||     2
Armor: Scale mail        |    45 |    41 ||    86
Dodge: Dodged            |    46 |    28 ||    74
Block: Buckler           |    14 |       ||    14
       Kite shield       |    24 |    32 ||    56

Table legend: (Time is in decaauts)
 A = Elapsed time spent in this place.
 B = Non-inter-level travel time spent in this place.
 C = Inter-level travel time spent in this place.
 D = Time resting spent in this place.
 E = Time spent auto-exploring this place.
 F = Levels seen in this place.
 G = Mean time per level.
                   A        B        C        D        E       F      G
               +--------+--------+--------+--------+--------+-----+--------+
         Total |   3026 |   2971 |     55 |    439 |   1715 |   3 | 1008.7 |
       Dungeon |   3026 |   2971 |     55 |    439 |   1715 |   3 | 1008.7 |
               +--------+--------+--------+--------+--------+-----+--------+

Top non-repeatable levels by time:
     D:2: 1645 daAuts
     D:1: 1038 daAuts
     D:3: 343 daAuts
